 Dungeon Crawl Stone Soup version 0.29.1-13-g9f3cf754e1 (webtiles) character file.

Game seed: 1313969645351535742

70 Peloso the Covered (level 4, -6/41 HPs)
             Began as a Minotaur Fighter on Jan 21, 2023.
             Mangled by Natasha (7 damage)
             ... on level 2 of the Dungeon.
             The game lasted 00:02:59 (1633 turns).

Peloso the Covered (Minotaur Fighter)               Turns: 1633, Time: 00:03:01

Health: -6/41      AC:  7    Str: 20    XL:     4   Next: 4%
Magic:  3/3        EV:  6    Int:  5    God:
Gold:   63         SH:  5    Dex: 12    Spells: 3/3 levels left

rFire   . . .      SeeInvis .   a - +0 long sword
rCold   . . .      Faith    .   c - +0 buckler
rNeg    . . .      Spirit   .   b - +0 scale mail
rPois   .          Reflect  .   (helmet restricted)
rElec   .          Harm     .   (no cloak)
rCorr   .          Rampage  .   (no gloves)
Will    .....                   (no boots)
Stlth   ..........              (no amulet)
HPRegen 0.13/turn               (no ring)
MPRegen 0.08/turn               (no ring)

@: grasped by roots, constricted
A: horns 2, retaliatory headbutt
a: no special abilities


You were on level 2 of the Dungeon.
You visited 1 branch of the dungeon, and saw 2 of its levels.

You collected 63 gold pieces.

Inventory:

Hand Weapons
 a - a +0 long sword (weapon)
Armour
 b - a +0 scale mail (worn)
 c - a +0 buckler (worn)
Scrolls
 e - a scroll of butterflies
Potions
 d - 2 potions of might


   Skills:
 + Level 4.3 Fighting
 + Level 3.0 Long Blades
 + Level 4.6 Armour
 + Level 0.5 Dodging
 + Level 4.1 Shields


You had 3 spell levels left.
You didn't know any spells.
Your spell library contained the following spells:

 Spells                   Type           Power      Damage    Failure   Level
 Ozocubu's Armour         Ice            0%         N/A       99%         3
 Ozocubu's Refrigeration  Ice            0%         4d7       100%        7


Dungeon Overview and Level Annotations

Branches:
Dungeon (2/15)

Altars:

Annotations:
D:2 Natasha


Innate Abilities, Weirdness & Mutations

You have a pair of horns on your head.
You reflexively headbutt those who attack you in melee.


Message History

You block the endoplasm's attack. The endoplasm freezes you.
You are frozen.
The endoplasm freezes you.
You are frozen.
You see here a frilled lizard corpse.
You block the endoplasm's attack. The endoplasm attacks as you move away!
The endoplasm closely misses you.
Found a glowing mace and 11 gold pieces.
You slash the endoplasm!
You kill the endoplasm!
Natasha, Servant of Life and Death comes into view.
She is carrying a wand of roots (12).
You see here a frilled lizard corpse.
Natasha hisses angrily.
Natasha howls an incantation.
You feel troubled.
Natasha zaps a wand.
The roots erupt in riotous growth!
The grasping roots grab you! The grasping roots constrict you.
Natasha is nearby!
The roots grasp on you weakens, but your attempt to escape fails.
The grasping roots constrict you.
Natasha stares at you and mumbles some strange words.
The magic dart hits you! The grasping roots constrict you.
You escape the roots grasp.
Natasha casts a spell at you. The magic dart hits you!
* * * LOW HITPOINT WARNING * * *
There is an open door here.
It was a potion of magic.
Magic courses through your body. Natasha claws you.
* * * LOW HITPOINT WARNING * * *
You barely miss Natasha. Natasha claws you but does no damage.
You barely miss Natasha. Your headbutt misses Natasha.
Natasha zaps a wand.
The roots erupt in riotous growth!
The grasping roots grab you!
Natasha is unaffected.
The grasping roots constrict you.
* * * LOW HITPOINT WARNING * * *
Natasha claws you!
You die...

..[..........)...........>#
...........####.....#.###.#
....#....### #.....#.# #.#
....#....# #.......#
#.#######
#####.....#####.......#
#........
#.........#.......###.#######
#########.#...............#
#.......#h.........###.#
#.......#@.........# #.#
#.......'..........# #.#
#.......#..........# #.#
#.......#..........###'###
#......†#.................
#####...######+##......)..
#...# #............
)..........# ###....######
...........# ###........


You could see Natasha.

Vanquished Creatures
  Natasha (D:2)
  2 adders (D:2)
  6 ball pythons (D:1)
  3 endoplasms
  2 goblins (D:1)
  4 hobgoblins
  3 quokkas
  3 bats
  2 frilled lizards
  A kobold (D:2)
  A rat (D:2)
  A spectral goblin (D:1)
29 creatures vanquished.

Notes
Turn   | Place    | Note
-------+----------+-------------------------------------------
     0 | D:1      | Peloso the Minotaur Fighter began the quest for the Orb.
     0 | D:1      | Reached XP level 1. HP: 19/19 MP: 0/0
   284 | D:1      | Reached XP level 2. HP: 27/27 MP: 1/1
   361 | D:1      | Found a faded altar of an unknown god.
  1085 | D:2      | Noticed Natasha
  1095 | D:2      | Noticed a crimson imp
  1097 | D:2      | Killed Natasha
  1098 | D:2      | Reached XP level 3. HP: 12/33 MP: 2/2
  1417 | D:2      | Reached XP level 4. HP: 24/40 MP: 3/3
  1625 | D:2      | Noticed Natasha
  1633 | D:2      | HP: 1/41 [constriction (4)]
  1633 | D:2      | Mangled by Natasha

Illustrated notes

Levels and vault maps discovered:
D:1:      dpeg_arrival_three_same_balls, layout_basic,
          dreamdust_ecumenical_altar_drowned_temple
D:2:      layout_basic, uniq_natasha

Skill      XL: |  1  2  3 |
---------------+----------+-----
Armour         | 4 |  4.6
Fighting       | 4 |  4.3
Shields        | 4 |  4.1
Long Blades    | 3 |  3.0
Dodging        | |  0.5

Action                   |  1- 3 |  4- 6 || total
-------------------------+-------+-------++-------
Melee: Long sword        |    72 |     6 ||    78
       Headbutt          |    10 |       ||    10
  Use: Potion            |     1 |     1 ||     2
       Scroll            |     1 |       ||     1
Armor: Scale mail        |    33 |     3 ||    36
Dodge: Dodged            |    42 |     2 ||    44
Block: Buckler           |    24 |     2 ||    26
